 Dungeon Crawl Stone Soup version 0.17-a0-1210-g1e4f09d (webtiles) character file.

40 OTRawrior the Magician (level 3, -5/19 HPs)
             Began as a Gargoyle Wizard on June 3, 2015.
             Slain by Sigmund
             ... wielding a +0 scythe
              (9 damage)
             ... on level 2 of the Dungeon.
             The game lasted 00:06:01 (1418 turns).

OTRawrior the Magician (Gargoyle Wizard)            Turns: 1418, Time: 00:06:01

Health: -5/19      AC:  6    Str: 10    XL:     3   Next: 50%
Magic:  4/7        EV: 12    Int: 19    God:
Gold:   45         SH:  0    Dex: 10    Spells: 2 memorised, 5 levels left

rFire  . . .     SeeInvis .     (no weapon)
rCold  . . .     Clarity  .     a - +0 robe
rNeg   + . .     SustAt   .     (no shield)
rPois  ∞         Gourm    .     b - +0 hat
rElec  +         Spirit   .     k - +0 cloak
rCorr  .         Warding  .     (no gloves)
rMut   .         Stasis   .     (no boots)
MR     .....                    (no amulet)
Stlth  ++........               (no ring)
                                f - +2 ring of dexterity

@: flying, not resistant to hostile enchantments, unstealthy
A: negative energy resistance 1, electricity resistance, unbreathing,
petrification resistance, rot immunity, AC +3
a: no special abilities


You were on level 2 of the Dungeon.
You were not hungry.

You visited 1 branch of the dungeon, and saw 2 of its levels.

You collected 45 gold pieces.

Inventory:

Armour
 a - a +0 robe (worn)
 b - a +0 hat (worn)
 k - a +0 cloak (worn)
Jewellery
 f - a +2 ring of dexterity (left hand)
Scrolls
 g - 2 scrolls of blinking {unknown}
 h - 7 scrolls of identify
 i - 4 scrolls of remove curse {unknown}
 o - a scroll of noise {unknown}
Potions
 n - a potion of degeneration {unknown}
Books
 c - a book of Minor Magic

   Spells                             Type                      Level
   a - Magic Dart                     Conjuration                  1
   b - Blink                          Translocation                2
   c - Call Imp                       Summoning                    2
   d - Repel Missiles                 Charms/Air                   2
   e - Slow                           Hexes                        2
   f - Conjure Flame                  Conjuration/Fire             3
   g - Mephitic Cloud                 Conjuration/Poison/Air       3
Comestibles
 d - 2 bread rations


   Skills:
 - Level 1.5 Dodging
 - Level 2.1 Stealth
 + Level 3.4 Spellcasting
 * Level 3.0 Conjurations
   Level 0.8 Summonings
   Level 0.8 Translocations


You had 5 spell levels left.
You knew the following spells:

 Your Spells              Type           Power        Failure   Level  Hunger
a - Magic Dart            Conj           ##..         6%          1    None
b - Repel Missiles        Chrm/Air       #.....       24%         2    ##.....


Dungeon Overview and Level Annotations

Branches:
Dungeon (2/15)

Altars:

Annotations:
D:2 Sigmund


Innate Abilities, Weirdness & Mutations

You are resistant to torment.
Your stone body is resilient (AC +3).
You are immune to poison.
You resist negative energy.
You are resistant to electric shocks.
You can survive without breathing.
You are immune to petrification.
You are immune to rotting.


Message History

Aiming: Magic Dart
Press: ? - help, Shift-Dir - straight line The magic dart hits something.
Something hits you!
* * * LOW HITPOINT WARNING * * *
Something hits you but does no damage.
Drink which item? (? for menu, Esc to quit)
It was a potion of brilliance.
You feel clever all of a sudden. Something hits you but does no damage.
Drink which item? (? for menu, Esc to quit)
It was a potion of cancellation.
Your magical effects are unravelling.
You feel magically purged.
You feel a little less clever now. Something hits you but does no damage.
Drink which item? (? for menu, Esc to quit)
It was a potion of flight.
You feel very buoyant.
You fly up into the air.
Something hits you!
You die...

##### ########## #....#
#........#
##...(.####........#####
.......................#
#..................###.#
#.....# #........# #..
#.#.###........# ##.
#..@.##........# ##
###...........## #
#...#.....#.######
#...###...#....>..
#...#.......######
##.#..##.....#
#.#######...#####...#
.......†.......##...###
#.######.....#.......÷###


There were no monsters in sight!

Vanquished Creatures
  An adder (D:2)
  An ooze (D:1)
  2 giant geckos (D:2)
  5 bats
  3 goblins (D:1)
  3 hobgoblins
  2 giant newts
  2 jackals (D:1)
  7 kobolds
  4 rats (D:2)
30 creatures vanquished.

Notes
Turn   | Place    | Note
--------------------------------------------------------------
     0 | D:1      | OTRawrior the Gargoyle Wizard began the quest for the Orb.
     0 | D:1      | Reached XP level 1. HP: 10/10 MP: 4/4
   270 | D:1      | Reached XP level 2. HP: 12/15 MP: 0/6
   289 | D:1      | Learned a level 2 spell: Repel Missiles
  1160 | D:2      | Noticed Sigmund
  1178 | D:2      | Reached XP level 3. HP: 19/19 MP: 3/7
  1418 | D:2      | Slain by Sigmund

Vault maps used:
D:1:      tarquinn_simple_flora_water_b, st_stairs_8
D:2:      uniq_sigmund

Action                   || total
-------------------------++-------
Melee: Unarmed           ||    32
 Cast: Magic Dart        ||    78
  Use: Scroll            ||     1
       Potion            ||     3
  Eat: Chunk             ||     1
